AoeStats
← Nicki D

Arabia

505783793Analyzed
1v1 RM · 22d ago on Sep 11, 2026· 46m 54s· 2 players
Game mode
Random Map
Map size
Tiny (2 player)
Population
200
Speed
Normal
Resources
Standard
Victory
Conquest
Starting age
Dark Age
Ending age
Imperial Age
RankedLock teamsTeams togetherTeam positionsShared explorationLock speedFull tech treeHidden civsTurbo modeCheats
Victory
Defeat
🇨🇦 Magyars · Canada
1007
+16
🇺🇸 Maya · United States
1016
-16
Nicki D
7:25 Loom
9:47 Feudal Age
12:14 Scale Barding Armor
13:41 Double-Bit Axe
14:25 Horse Collar
19:17 Wheelbarrow
19:04 Gold Mining
23:40 Castle Age
22:28 Bloodlines
22:21 Padded Archer Armor
23:51 Fletching
24:05 Elite Skirmisher
24:50 Husbandry
25:14 Leather Archer Armor
27:15 Chain Barding Armor
28:54 Bow Saw
28:19 Light Cavalry
31:30 Masonry
36:59 Stone Mining
42:30 Imperial Age
40:16 Town Watch
42:39 Ballistics
42:51 Treadmill Crane
42:50 Capped Ram
44:05 Hussar
pbarrrgh
0:25 Loom
10:15 Feudal Age
10:51 Double-Bit Axe
20:58 Castle Age
18:50 Horse Collar
19:29 Fletching
20:29 Scale Mail Armor
21:06 Gold Mining
21:01 Pikeman
21:58 Bodkin Arrow
23:31 Squires
26:00 Elite Skirmisher
46:15 Imperial Age
44:34 Forging
44:40 Chain Mail Armor
44:53 Bow Saw
46:27 Heavy Plow
46:43 Halberdier
Connection lost

Rejoining the realm…

Still unreachable

The connection could not be restored.

Session expired

The server has moved on; the page needs a fresh start.